TOP OF THE 1ST |
Binghamton Mets batting - Pitching for Hartford Yard Goats : RHP Gabe Stokes
|
Pitching: RHP Gabe Stokes
|
|
Batting: LHB Tom Prayer
|
0-0: Ball 1-0: Ball 2-0: Ball 3-0: Called Strike 3-1: Base on Balls
|
Batting: RHB Jose Copado
|
0-0: Ball Tom Prayer is caught stealing 2nd base 2-4 1-0: Foul Ball, location: 2F 1-1: Reached on error, E5 (Groundball, 56, EV 88.8 MPH)
|
Batting: SHB Alex Orozco
|
0-0: Ball Jose Copado steals 2nd base 1-0: Ball 2-0: Called Strike 2-1: Swinging Strike 2-2: Ball 3-2: Fly out, F8 (Line Drive, 8RD, EV 91.3 MPH)
|
Batting: RHB Andy Solorzano
|
0-0: Ground out U3 (Groundball, 3, EV 80.0 MPH)
|
Top of the 1st over - 0 runs, 0 hits, 1 error, 1 left on base; Binghamton 0 - Hartford 0 |
BOTTOM OF THE 1ST |
Hartford Yard Goats batting - Pitching for Binghamton Mets : RHP Hugo Valentin
|
Pitching: RHP Hugo Valentin
|
|
Batting: RHB Kian-tat Chen
|
0-0: Fly out, F8 (Flyball, 8LM, EV 79.4 MPH)
|
Batting: SHB Bobby Santor
|
0-0: Ground out 6-3 (Groundball, 6, EV 108.1 MPH)
|
Batting: RHB Justin Williams
|
0-0: Ball 1-0: Ball 2-0: SINGLE (Line Drive, 4MD, EV 106.9 MPH)
|
Batting: LHB Jeremy Brammer
|
0-0: Ball 1-0: Ball Justin Williams steals 2nd base 2-0: SINGLE (Groundball, 34D, EV 108.8 MPH) Justin Williams to third Runner from 3rd tries for Home, SAFE, throw by RF to home
|
Batting: SHB In-sung Lee
|
0-0: Ball 1-0: Foul Ball, location: 2F 1-1: Ball Jeremy Brammer is caught stealing 2nd base 2-6
|
Bottom of the 1st over - 1 run, 2 hits, 0 errors, 0 left on base; Binghamton 0 - Hartford 1 |
TOP OF THE 2ND |
Binghamton Mets batting - Pitching for Hartford Yard Goats : RHP Gabe Stokes
|
Batting: LHB Nate Trahan
|
0-0: Ball 1-0: Called Strike 1-1: Foul Ball, location: 2F 1-2: Ball 2-2: Foul Ball, location: 2F 2-2: Strikes out swinging
|
Batting: RHB Steve Dunaway
|
0-0: Swinging Strike 0-1: Ball 1-1: Foul Ball, location: 2F 1-2: Fly out, F8 (Flyball, 8LM, EV 96.3 MPH)
|
Batting: RHB Matt Skipper
|
0-0: Foul Ball, location: 2F 0-1: Foul Ball, location: 2F 0-2: Strikes out swinging
|
Top of the 2nd over - 0 runs, 0 hits, 0 errors, 0 left on base; Binghamton 0 - Hartford 1 |
BOTTOM OF THE 2ND |
Hartford Yard Goats batting - Pitching for Binghamton Mets : RHP Hugo Valentin
|
Batting: SHB In-sung Lee
|
0-0: Foul Ball, location: 2F 0-1: Foul Ball, location: 2F 0-2: Foul Ball, location: 2F 0-2: Ground out 4-3 (Groundball, 34D, EV 106.3 MPH)
|
Batting: RHB Eric Garrett
|
0-0: Foul Ball, location: 2F 0-1: Ball 1-1: Ball 2-1: Ball 3-1: Called Strike 3-2: Ground out 6-3 (Groundball, 6, EV 105.6 MPH)
|
Batting: RHB Jerry Edmiston
|
0-0: Foul Ball, location: 2F 0-1: Foul Ball, location: 2F 0-2: Strikes out swinging
|
Bottom of the 2nd over - 0 runs, 0 hits, 0 errors, 0 left on base; Binghamton 0 - Hartford 1 |
TOP OF THE 3RD |
Binghamton Mets batting - Pitching for Hartford Yard Goats : RHP Gabe Stokes
|
Batting: LHB Joel Soto
|
0-0: Called Strike 0-1: Swinging Strike 0-2: Strikes out swinging
|
Batting: RHB Jake Hansford
|
0-0: Called Strike 0-1: Swinging Strike 0-2: Ball 1-2: Strikes out swinging
|
Batting: LHB Tom Prayer
|
0-0: Called Strike 0-1: Ball 1-1: Foul Ball, location: 2F 1-2: Ball 2-2: Ball 3-2: Foul Ball, location: 2F 3-2: Ground out 6-3 (Groundball, 6S, EV 83.1 MPH)
|
Top of the 3rd over - 0 runs, 0 hits, 0 errors, 0 left on base; Binghamton 0 - Hartford 1 |
BOTTOM OF THE 3RD |
Hartford Yard Goats batting - Pitching for Binghamton Mets : RHP Hugo Valentin
|
Batting: RHB Steve Waltenbery
|
0-0: Foul Ball, location: 2F 0-1: Ground out U3 (Groundball, 34, EV 77.5 MPH)
|
Batting: LHB Mick Knopp
|
0-0: Fly out, F4 (Popup, 4MD, EV 50.6 MPH)
|
Batting: RHB Kian-tat Chen
|
0-0: Foul Ball, location: 2F 0-1: Ball 1-1: SINGLE (Groundball, 56D, EV 98.8 MPH)
|
Batting: SHB Bobby Santor
|
0-0: Ball Wild Pitch! Kian-tat Chen to second 1-0: Swinging Strike 1-1: Called Strike 1-2: Foul Ball, location: 2F 1-2: Ball 2-2: Foul Ball, location: 2F 2-2: Foul Ball, location: 2F 2-2: Foul Ball, location: 2F 2-2: Foul Ball, location: 2F 2-2: SINGLE (Flyball, 4D, EV 85.0 MPH) Kian-tat Chen to third Runner from 3rd tries for Home, SAFE, throw by CF to home
|
Batting: RHB Justin Williams
|
0-0: Ball 1-0: Ball 2-0: Called Strike 2-1: Ball 3-1: Called Strike 3-2: SINGLE (Line Drive, 7S, EV 93.1 MPH) Bobby Santor to second Bobby Santor to third
|
Batting: LHB Jeremy Brammer
|
0-0: Swinging Strike 0-1: Swinging Strike 0-2: Ball 1-2: Strikes out swinging
|
Bottom of the 3rd over - 1 run, 3 hits, 0 errors, 2 left on base; Binghamton 0 - Hartford 2 |
TOP OF THE 4TH |
Binghamton Mets batting - Pitching for Hartford Yard Goats : RHP Gabe Stokes
|
Batting: RHB Jose Copado
|
0-0: Fly out, F7 (Flyball, 7LD, EV 106.3 MPH)
|
Batting: SHB Alex Orozco
|
0-0: Called Strike 0-1: Ball 1-1: Called Strike 1-2: Strikes out swinging
|
Batting: RHB Andy Solorzano
|
0-0: Foul Ball, location: 2F 0-1: Swinging Strike 0-2: Strikes out looking
|
Top of the 4th over - 0 runs, 0 hits, 0 errors, 0 left on base; Binghamton 0 - Hartford 2 |
BOTTOM OF THE 4TH |
Hartford Yard Goats batting - Pitching for Binghamton Mets : RHP Hugo Valentin
|
Batting: SHB In-sung Lee
|
0-0: Called Strike 0-1: SOLO HOME RUN (Flyball, 7D, EV 97.5 MPH), Distance : 366 ft
|
Batting: RHB Eric Garrett
|
0-0: Called Strike 0-1: Called Strike 0-2: Ball 1-2: Ball 2-2: SOLO HOME RUN (Flyball, 7LD, EV 95.6 MPH), Distance : 342 ft
|
Batting: RHB Jerry Edmiston
|
0-0: Called Strike 0-1: Foul Ball, location: 2F 0-2: Ball 1-2: Fly out, F1 (Line Drive, P, EV 67.5 MPH)
|
Batting: RHB Steve Waltenbery
|
0-0: Foul Ball, location: 2F 0-1: Foul Ball, location: 2F 0-2: Foul Ball, location: 2F 0-2: Ball 1-2: Fly out, F4 (Popup, 4M, EV 73.1 MPH)
|
Batting: LHB Mick Knopp
|
0-0: Called Strike 0-1: Ball 1-1: Fly out, F9 (Flyball, 89XD, EV 102.5 MPH)
|
Bottom of the 4th over - 2 runs, 2 hits, 0 errors, 0 left on base; Binghamton 0 - Hartford 4 |
TOP OF THE 5TH |
Binghamton Mets batting - Pitching for Hartford Yard Goats : RHP Gabe Stokes
|
Batting: LHB Nate Trahan
|
0-0: Ball 1-0: Ball 2-0: Called Strike 2-1: Ball 3-1: Ground out 6-3 (Groundball, 4, EV 79.4 MPH)
|
Batting: RHB Steve Dunaway
|
0-0: Swinging Strike 0-1: Swinging Strike 0-2: Strikes out swinging
|
Batting: RHB Matt Skipper
|
0-0: SINGLE (Groundball, 6MD, EV 102.5 MPH)
|
Batting: LHB Joel Soto
|
0-0: Foul Ball, location: 2F 0-1: Ball 1-1: Ball 2-1: Swinging Strike 2-2: Fly out, F4 (Line Drive, 4, EV 70.6 MPH)
|
Top of the 5th over - 0 runs, 1 hit, 0 errors, 1 left on base; Binghamton 0 - Hartford 4 |
BOTTOM OF THE 5TH |
Hartford Yard Goats batting - Pitching for Binghamton Mets : RHP Hugo Valentin
|
Batting: RHB Kian-tat Chen
|
0-0: Ball 1-0: Ball 2-0: SOLO HOME RUN (Flyball, 78XD, EV 107.5 MPH), Distance : 431 ft
|
Pitching: LHP Matt Allert
|
|
Batting: SHB Bobby Santor
|
0-0: Called Strike 0-1: Fly out, F9 (Flyball, 89D, EV 104.4 MPH)
|
Batting: RHB Justin Williams
|
0-0: Foul Ball, location: 2F 0-1: Ball 1-1: Ball 2-1: Foul Ball, location: 2F 2-2: Strikes out looking
|
Batting: LHB Jeremy Brammer
|
0-0: Fly out, F7 (Flyball, 78M, EV 90.6 MPH)
|
Bottom of the 5th over - 1 run, 1 hit, 0 errors, 0 left on base; Binghamton 0 - Hartford 5 |
TOP OF THE 6TH |
Binghamton Mets batting - Pitching for Hartford Yard Goats : RHP Gabe Stokes
|
Batting: RHB Jake Hansford
|
0-0: Foul Ball, location: 2F 0-1: Called Strike 0-2: SINGLE (Line Drive, 34D, EV 93.8 MPH)
|
Batting: LHB Tom Prayer
|
0-0: Fly out, F6 (Line Drive, 6, EV 61.3 MPH)
|
Batting: RHB Jose Copado
|
0-0: Ball 1-0: Ball 2-0: Ball 3-0: Called Strike 3-1: Foul Ball, location: 2F 3-2: Foul Ball, location: 2F 3-2: Ground out 6-3 (Groundball, 6, EV 76.3 MPH) Jake Hansford to second
|
Batting: SHB Alex Orozco
|
0-0: Foul Ball, location: 2F 0-1: Foul Ball, location: 2F 0-2: Fly out, F9 (Flyball, 89S, EV 90.6 MPH)
|
Top of the 6th over - 0 runs, 1 hit, 0 errors, 1 left on base; Binghamton 0 - Hartford 5 |
BOTTOM OF THE 6TH |
Hartford Yard Goats batting - Pitching for Binghamton Mets : LHP Matt Allert
|
Batting: SHB In-sung Lee
|
0-0: Called Strike 0-1: Fly out, F9 (Line Drive, 9D, EV 88.1 MPH)
|
Batting: RHB Eric Garrett
|
0-0: Called Strike 0-1: Ball 1-1: Swinging Strike 1-2: Ball 2-2: Ground out 4-3 (Groundball, 4, EV 79.4 MPH)
|
Batting: RHB Jerry Edmiston
|
0-0: Foul Ball, location: 2F 0-1: Ground out 4-3 (Groundball, 4, EV 86.3 MPH)
|
Bottom of the 6th over - 0 runs, 0 hits, 0 errors, 0 left on base; Binghamton 0 - Hartford 5 |
TOP OF THE 7TH |
Binghamton Mets batting - Pitching for Hartford Yard Goats : RHP Gabe Stokes
|
Batting: RHB Andy Solorzano
|
0-0: Called Strike 0-1: Ball 1-1: Foul Ball, location: 2F 1-2: Ball 2-2: Ball 3-2: Ground out 4-3 (Groundball, 34, EV 81.3 MPH)
|
Batting: LHB Nate Trahan
|
0-0: SINGLE (Line Drive, 6D, EV 102.5 MPH)
|
Batting: RHB Steve Dunaway
|
0-0: Called Strike 0-1: Ball 1-1: Ball 2-1: Ball 3-1: DOUBLE (Line Drive, 78XD, EV 100.0 MPH) Nate Trahan to third
|
Batting: RHB Matt Skipper
|
0-0: Ball 1-0: Ball 2-0: Foul Ball, location: 2F 2-1: Swinging Strike 2-2: Strikes out swinging
|
Batting: LHB Joel Soto
|
0-0: Ground out 6-3 (Groundball, 6S, EV 83.1 MPH)
|
Top of the 7th over - 0 runs, 2 hits, 0 errors, 2 left on base; Binghamton 0 - Hartford 5 |
BOTTOM OF THE 7TH |
Hartford Yard Goats batting - Pitching for Binghamton Mets : LHP Matt Allert
|
Batting: RHB Steve Waltenbery
|
0-0: Ball 1-0: Ground out 6-3 (Groundball, 6, EV 85.0 MPH)
|
Batting: LHB Mick Knopp
|
0-0: Called Strike 0-1: Ball 1-1: Foul Ball, location: 2F 1-2: Strikes out swinging
|
Pitching: RHP Francis Cornick
|
|
Batting: RHB Kian-tat Chen
|
0-0: Swinging Strike 0-1: Reached on error, E3 (Groundball, 34S, EV 78.8 MPH)
|
Batting: SHB Bobby Santor
|
0-0: Ball Kian-tat Chen steals 2nd base 1-0: Foul Ball, location: 2F 1-1: SINGLE (Groundball, 6M, EV 96.3 MPH) Kian-tat Chen to third Runner from 3rd tries for Home, SAFE, throw by CF to home Bobby Santor to second
|
Batting: RHB Justin Williams
|
0-0: Called Strike 0-1: Ball 1-1: Ball 2-1: Ball 3-1: Ground out 6-3 (Groundball, 6M, EV 102.5 MPH)
|
Bottom of the 7th over - 1 run, 1 hit, 1 error, 1 left on base; Binghamton 0 - Hartford 6 |
TOP OF THE 8TH |
Binghamton Mets batting - Pitching for Hartford Yard Goats : RHP Gabe Stokes
|
Pitching: RHP Joe Goodale
|
|
Batting: RHB Jake Hansford
|
0-0: Foul Ball, location: 2F 0-1: Called Strike 0-2: Strikes out swinging
|
Batting: LHB Tom Prayer
|
0-0: Ball 1-0: Swinging Strike 1-1: Ball 2-1: Foul Ball, location: 2F 2-2: Ball 3-2: Foul Ball, location: 2F 3-2: Strikes out swinging
|
Batting: RHB Jose Copado
|
0-0: Ball 1-0: Ball 2-0: Ball 3-0: Called Strike 3-1: Called Strike 3-2: Foul Ball, location: 2F 3-2: Base on Balls
|
Batting: SHB Alex Orozco
|
0-0: Foul Ball, location: 2F 0-1: Ball 1-1: Fly out, F8 (Flyball, 8RS, EV 78.8 MPH)
|
Top of the 8th over - 0 runs, 0 hits, 0 errors, 1 left on base; Binghamton 0 - Hartford 6 |
BOTTOM OF THE 8TH |
Hartford Yard Goats batting - Pitching for Binghamton Mets : RHP Francis Cornick
|
Batting: LHB Jeremy Brammer
|
0-0: Ball 1-0: Foul Ball, location: 2F 1-1: Swinging Strike 1-2: SINGLE (Groundball, 4M, EV 85.0 MPH) (infield hit)
|
Batting: SHB In-sung Lee
|
0-0: Fielders Choice at 2nd, 3-6 (Groundball, 34, EV 83.8 MPH)
|
Batting: RHB Eric Garrett
|
0-0: Ball 1-0: Called Strike In-sung Lee steals 2nd base 1-1: Swinging Strike 1-2: Ball 2-2: Foul Ball, location: 2F 2-2: Ball 3-2: Base on Balls
|
Pitching: LHP David Mars
|
|
Batting: RHB Jerry Edmiston
|
0-0: Ground out 6-3 (Groundball, 6S, EV 66.3 MPH) In-sung Lee to third Eric Garrett to second
|
Batting: RHB Steve Waltenbery
|
0-0: Ball 1-0: Foul Ball, location: 2F 1-1: Ball 2-1: Foul Ball, location: 2F 2-2: Strikes out swinging
|
Bottom of the 8th over - 0 runs, 1 hit, 0 errors, 2 left on base; Binghamton 0 - Hartford 6 |
TOP OF THE 9TH |
Binghamton Mets batting - Pitching for Hartford Yard Goats : RHP Joe Goodale
|
Batting: RHB Andy Solorzano
|
0-0: Ball 1-0: Foul Ball, location: 2F 1-1: Swinging Strike 1-2: Ball 2-2: Hit by Pitch
|
Batting: LHB Nate Trahan
|
0-0: Called Strike 0-1: Foul Ball, location: 2F 0-2: Ball 1-2: Ball 2-2: Ball 3-2: Foul Ball, location: 2F 3-2: Base on Balls Andy Solorzano to second
|
Batting: RHB Steve Dunaway
|
0-0: Ball 1-0: Called Strike 1-1: SINGLE (Groundball, 6MD, EV 95.6 MPH) Andy Solorzano to third Nate Trahan to second
|
Pitching: RHP Nate Dallman
|
|
Batting: RHB Matt Skipper
|
0-0: SINGLE (Groundball, 56S, EV 66.3 MPH) (infield hit) Andy Solorzano scores Nate Trahan to third Steve Dunaway to second
|
Batting: LHB Joel Soto
|
0-0: Hit by Pitch Nate Trahan scores Steve Dunaway to third Matt Skipper to second
|
Pinch Hitting: LHB Willie Cintron
|
0-0: Called Strike 0-1: Foul Ball, location: 2F 0-2: Ball 1-2: Ball 2-2: Ball 3-2: Foul Ball, location: 2F 3-2: Base on Balls Steve Dunaway scores Matt Skipper to third Joel Soto to second
|
Batting: LHB Tom Prayer
|
0-0: Ball 1-0: TRIPLE (Flyball, 9LD, EV 109.4 MPH) Matt Skipper scores Joel Soto scores Willie Cintron scores
|
Batting: RHB Jose Copado
|
0-0: Foul Ball, location: 2F 0-1: Ball 1-1: Foul Ball, location: 2F 1-2: Foul Ball, location: 2F 1-2: Ball 2-2: Ball 3-2: Strikes out swinging
|
Batting: SHB Alex Orozco
|
0-0: Ground out U3 (Groundball, 3L, EV 89.4 MPH)
|
Batting: RHB Andy Solorzano
|
0-0: Foul Ball, location: 2F 0-1: Foul Ball, location: 2F 0-2: Strikes out swinging
|
Top of the 9th over - 6 runs, 3 hits, 0 errors, 1 left on base; Binghamton 6 - Hartford 6 |
BOTTOM OF THE 9TH |
Hartford Yard Goats batting - Pitching for Binghamton Mets : LHP David Mars
|
Pitching: RHP Amare Golden
|
|
Now in CF: Jose Chavez
|
|
Batting: LHB Mick Knopp
|
0-0: Called Strike 0-1: Swinging Strike 0-2: Strikes out looking
|
Batting: RHB Kian-tat Chen
|
0-0: Fly out, F9 (Flyball, 9LS, EV 94.4 MPH)
|
Batting: SHB Bobby Santor
|
0-0: Ball 1-0: Ball 2-0: Foul Ball, location: 2F 2-1: Foul Ball, location: 2F 2-2: Ground out 6-3 (Groundball, 6M, EV 109.4 MPH)
|
Bottom of the 9th over - 0 runs, 0 hits, 0 errors, 0 left on base; Binghamton 6 - Hartford 6 |
TOP OF THE 10TH |
Binghamton Mets batting - Pitching for Hartford Yard Goats : RHP Nate Dallman
|
Pitching: RHP Travis Porter
|
|
Batting: LHB Nate Trahan
|
0-0: Ground out 5-3 (Groundball, 5, EV 110.0 MPH)
|
Batting: RHB Steve Dunaway
|
0-0: Ball 1-0: Swinging Strike 1-1: Foul Ball, location: 2F 1-2: Foul Ball, location: 2F 1-2: SINGLE (Groundball, P, EV 88.1 MPH) (infield hit)
|
Batting: RHB Matt Skipper
|
0-0: Ball 1-0: SINGLE (Flyball, 3D, EV 93.8 MPH) Steve Dunaway to second Throwing error, E9 Steve Dunaway scores Matt Skipper to second
|
Batting: LHB Joel Soto
|
0-0: Called Strike 0-1: Called Strike 0-2: Strikes out swinging
|
Batting: LHB Jose Chavez
|
0-0: Called Strike 0-1: Swinging Strike 0-2: Strikes out swinging
|
Top of the 10th over - 1 run, 2 hits, 1 error, 1 left on base; Binghamton 7 - Hartford 6 |
BOTTOM OF THE 10TH |
Hartford Yard Goats batting - Pitching for Binghamton Mets : RHP Amare Golden
|
Pinch Hitting: SHB Eddie Quinones
|
0-0: Ball 1-0: Called Strike 1-1: Ball 2-1: Called Strike 2-2: Foul Ball, location: 2F 2-2: Foul Ball, location: 2F 2-2: DOUBLE (Line Drive, 78M, EV 109.4 MPH)
|
Batting: LHB Jeremy Brammer
|
0-0: Called Strike 0-1: Ball 1-1: Ground out 6-3 (Groundball, 6, EV 100.6 MPH)
|
Batting: SHB In-sung Lee
|
0-0: Ball 1-0: Ball 2-0: Ground out 4-3 (Groundball, 4D, EV 82.5 MPH) Eddie Quinones to third
|
Batting: RHB Eric Garrett
|
0-0: Ball 1-0: Called Strike 1-1: Foul Ball, location: 2F 1-2: Ball 2-2: Fly out, F7 (Flyball, 7D, EV 83.1 MPH)
|
Bottom of the 10th over - 0 runs, 1 hit, 0 errors, 1 left on base; Binghamton 7 - Hartford 6 |
|